 Dungeon Crawl Stone Soup version 0.27.1-34-g3ba077fa99 (webtiles) character file.

Game seed: 18126982855205288937

442 Sharkman1231 the Insei (level 6, -1/51 HPs)
             Began as a Draconian Transmuter on Jan 23, 2022.
             Was an Elder of Dithmenos.
             Slain by a scorpion (6 damage)
             ... on level 4 of the Dungeon.
             The game lasted 00:04:42 (3813 turns).

Sharkman1231 the Insei (Draconian Transmuter)       Turns: 3813, Time: 00:04:43

Health: -1/51      AC:  6    Str: 12    XL:     6   Next: 71%
Magic:  10/10      EV: 16    Int: 15    God:    Dithmenos [****..]
Gold:   125        SH:  0    Dex: 12    Spells: 4/10 levels left

rFire    . . .     SeeInvis .     - Unarmed
rCold    . . .     Faith    .   (no shield)
rNeg     . . .     Spirit   .   (armour unavailable)
rPois    .         Reflect  .   (helmet currently unavailable)
rElec    .         Harm     .   (no cloak)
rCorr    .         Rampage  .   (no gloves)
Will     .....                  (boots currently unavailable)
Stlth    ++........             (no amulet)
HPRegen  0.17/turn              h - +4 ring of evasion
MPRegen  0.12/turn              (no ring)

@: lethally poisoned (-1 -> -13), appendages (expiring), wreathed by umbra,
invisible
A: horns 2, talons 2, AC +6, unfitting armour, cold-blooded
a: End Transformation, Renounce Religion, Shadow Step


You were on level 4 of the Dungeon.
You worshipped Dithmenos.
Dithmenos was greatly pleased with you.
You had temporarily grown beastly horns and talons.
You visited 1 branch of the dungeon, and saw 4 of its levels.

You collected 125 gold pieces.

Inventory:

Jewellery
 h - a +4 ring of evasion (left hand)
Scrolls
 a - 2 scrolls of identify {unknown}
 b - 2 scrolls of teleportation {unknown}
 c - a scroll of blinking {unknown}
 g - a scroll of fog {unknown}
 i - a scroll of noise {unknown}
 k - a scroll of amnesia {unknown}
 l - a scroll of holy word {unknown}
 o - a scroll of enchant weapon {unknown}
 q - 3 scrolls of summoning {unknown}
Potions
 f - a potion of berserk rage {unknown}
 j - a potion of mutation {unknown}
 m - 2 potions of curing {unknown}
 n - a potion of heal wounds {unknown}
 p - a potion of lignification {unknown}


   Skills:
 + Level 3.6 Fighting
 - Level 1.7 Dodging
 * Level 5.4 Unarmed Combat
 + Level 2.8 Spellcasting
 * Level 3.9 Transmutations


You had 4 spell levels left.
You knew the following spells:

 Your Spells              Type           Power      Damage    Failure   Level
a - Beastly Appendage     Tmut           26%        N/A       4%          1
b - Wereblood             Tmut           13%        N/A       6%          2
c - Spider Form           Tmut/Pois      4%         N/A       26%         3

Your spell library contained the following spells:

 Spells                   Type           Power      Damage    Failure   Level
 Animate Skeleton         Necr           4%         N/A       21%         1
 Apportation              Tloc           4%         N/A       21%         1
 Corona                   Hex            2%         N/A       21%         1
 Foxfire                  Conj/Fire      8%         2x1d4     21%         1
 Summon Small Mammal      Summ           8%         N/A       21%         1
 Conjure Flame            Conj/Fire      2%         6-21      52%         3
 Inner Flame              Hex/Fire       2%         N/A       52%         3
 Ice Form                 Ice/Tmut       8%         N/A       65%         4
 Airstrike                Air            1%         N/A       90%         4
 Summon Lightning Spire   Summ/Air       2%         N/A       90%         4
 Blade Hands              Tmut           6%         N/A       75%         5
 Irradiate                Conj/Tmut      4%         3d15      94%         5
 Lightning Bolt           Conj/Air       1%         1d12      99%         5
 Dragon Form              Tmut           6%         N/A       100%        7


Dungeon Overview and Level Annotations

Branches:
Dungeon (4/15)
 Temple: D:4-7

Altars:
Dithmenos


Innate Abilities, Weirdness & Mutations

You have temporarily grown beastly horns and talons.
Your plain brown scales are hard. (AC +6)
You cannot fit into any form of body armour.
You are cold-blooded and may be slowed by cold attacks.


Message History

You hit the scorpion but do no damage. The scorpion stings you.
You are poisoned.
The scorpion poisons you!
You hit the scorpion but do no damage.
You feel very sick. The scorpion closely misses you.
You hit the scorpion.
The scorpion is lightly wounded.
You feel very sick. The scorpion stings you!
You are more poisoned.
The scorpion poisons you!
You punch the scorpion! You tail-slap the scorpion.
The scorpion is severely wounded.
You feel very sick. The scorpion closely misses you. The scorpion stings you.
You are lethally poisoned!
The scorpion poisons you!
Casting: Wereblood (safe; 6% risk of failure)
Confirm with . or Enter, or press ? or * to list all spells.
You grow a pair of large bovine horns.
Your feet morph into talons.
You feel extremely sick. The scorpion stings you.
You closely miss the scorpion.
The scorpion is severely wounded.
Your shadow barely misses the scorpion.
* * * LOW HITPOINT WARNING * * *
You feel very sick. The scorpion misses you.
Unknown command.
It was a potion of magic.
Magic courses through your body.
* * * LOW HITPOINT WARNING * * *
You feel very sick. The scorpion barely misses you.
It was a potion of invisibility.
You fade into invisibility!
Your transformation is almost over.
* * * LOW HITPOINT WARNING * * *
You feel very sick. The scorpion stings you.
You die...

#. #. ###.####..#.. #.##.
#.......##. #..
######..##. ###..###
###########..#.
##......###)....##.......
...................###<..
##...)..###.....#### #.##
.......)######### #.#
####....@# #.#
#####.s.....( #..
######### #.# ..# ###


You could see a scorpion.

Vanquished Creatures
  A black bear (D:4)
  A scorpion (D:3)
  An iguana (D:4)
  Terence (D:3)
  Robin (D:3)
  9 gnolls
  An adder (D:2)
  A howler monkey skeleton (D:4)
  3 adder skeletons
  2 worms (D:4)
  6 orcs
  9 bats
  7 endoplasms
  4 giant cockroaches
  11 goblins
  7 hobgoblins
  17 jackals
  3 quokkas
  10 ball pythons
  8 kobolds
  5 rats
108 creatures vanquished.

Vanquished Creatures (others)
  2 plants (D:3)
2 creatures vanquished.

Grand Total: 110 creatures vanquished

Notes
Turn   | Place    | Note
-------+----------+-------------------------------------------
     0 | D:1      | Sharkman1231 the Draconian Transmuter began the quest for
                  | the Orb.
     0 | D:1      | Reached XP level 1. HP: 16/16 MP: 3/3
    82 | D:1      | Found a faded altar of an unknown god.
   100 | D:1      | Became a worshipper of Dithmenos the Shadowed
   100 | D:1      | Reached * piety under Dithmenos
   268 | D:1      | Reached XP level 2. HP: 19/23 MP: 3/5
   605 | D:1      | Learned a level 2 spell: Wereblood
   961 | D:1      | Reached XP level 3. HP: 29/29 MP: 4/6
  1110 | D:2      | Reached ** piety under Dithmenos
  1117 | D:2      | Reached skill level 4 in Unarmed Combat
  1120 | D:2      | Reached XP level 4. HP: 6/36 MP: 4/7
  1486 | D:2      | Learned a level 3 spell: Spider Form
  1896 | D:2      | Reached XP level 5. HP: 36/42 MP: 8/8
  2311 | D:3      | Noticed Robin
  2350 | D:3      | Reached *** piety under Dithmenos
  2360 | D:3      | Killed Robin
  2487 | D:3      | Noticed Terence
  2500 | D:3      | Killed Terence
  3311 | D:4      | Reached skill level 5 in Unarmed Combat
  3378 | D:3      | Reached XP level 6. HP: 50/51 MP: 7/9
  3423 | D:4      | Reached **** piety under Dithmenos
  3813 | D:4      | Slain by a scorpion

Illustrated notes

Levels and vault maps discovered:
D:1:      evilmike_arrival_rings, layout_loops_ring,
          chequers_ecumenical_altar_simple
D:2:      layout_loops_ring, minmay_pentomino_v2
D:3:      wander_river, layout_loops_cross, st_stairs_1, grunt_ministairs_10,
          serial_bayou_pond_b, minmay_misc_feat_enclosed, uniq_robin,
          uniq_terence
D:4:      layout_rooms, minmay_misc_feat_rugged, st_stairs_3

Skill      XL: |  1  2  3  4  5 |
---------------+----------------+-----
Fighting       | 2 3 |  3.6
Unarmed Combat | 4 5 |  5.4
Transmutations | 3 |  3.9
Dodging        | |  1.7
Spellcasting   | |  2.8

Action                   |  1- 3 |  4- 6 || total
-------------------------+-------+-------++-------
Melee: Unarmed           |    95 |   250 ||   345
       Kick              |     7 |    20 ||    27
       Tailslap          |     6 |    20 ||    26
       Headbutt          |     2 |    21 ||    23
       Punch             |     1 |     3 ||     4
 Cast: Beastly Appendage |     4 |    16 ||    20
       Wereblood         |     1 |     6 ||     7
  Use: Potion            |       |     2 ||     2
 Stab: Sleeping          |     1 |     3 ||     4
Armor: Skin              |    29 |    54 ||    83
Dodge: Dodged            |    66 |   292 ||   358
